 Dungeon Crawl Stone Soup version 0.26-a0-649-gf8c6c3aab7 (webtiles) character file.

Game seed: 8627440935087053690

64 grandjackal the Grave Robber (level 3, -3/31 HPs)
             Began as a Deep Dwarf Necromancer on Sept 27, 2020.
             Slain by a gnoll
             ... wielding a +0 halberd
              (9 damage)
             ... on level 2 of the Dungeon.
             The game lasted 00:03:17 (1521 turns).

grandjackal the Grave Robber (DDNe)                 Turns: 1521, Time: 00:03:17

Health: -3/31      AC:  2    Str: 12    XL:     3   Next: 91%
Magic:  0/6        EV: 12    Int: 15    God:
Gold:   111        SH:  0    Dex: 13    Spells: 2/6 levels left

rFire    + . .     SeeInvis .   w - +0 hand axe
rCold    + . .     Faith    .   (no shield)
rNeg     . . .     Spirit   .   a - +0 robe
rPois    .         Reflect  .   (no helmet)
rElec    .         Harm     .   f - scarf {rC+ rF+}
rCorr    .         Rampage  .   (no gloves)
MR       .....     Rnd*Tele +   (no boots)
Stlth    ++........             (no amulet)
HPRegen  0.00/turn              i - ring of teleportation (curse)
MPRegen  0.10/turn              (no ring)

@: very slightly contaminated, non-regenerating
A: damage resistance, heal wounds, sense surroundings 1, no regeneration
a: Heal Wounds


You were on level 2 of the Dungeon.
You visited 1 branch of the dungeon, and saw 2 of its levels.

You collected 111 gold pieces.

Inventory:

Hand Weapons
 s - a +4 short sword of protection
 w - a +0 hand axe (weapon)
Missiles
 y - 18 poisoned darts (quivered)
Armour
 a - a +0 robe (worn)
 f - a scarf of resistance (worn)
 h - a +0 ring mail
 k - a +0 cloak
 x - a +0 chain mail
Jewellery
 i - a cursed ring of teleportation (left hand)
 q - a +4 ring of protection {unknown}
 u - an uncursed ring of magical power {unknown}
Wands
 t - a wand of polymorph (5)
Scrolls
 b - 2 scrolls of amnesia {unknown}
 c - a scroll of blinking {unknown}
 d - a scroll of teleportation {unknown}
 e - 2 scrolls of identify {unknown}
 p - a scroll of remove curse {unknown}
 v - a scroll of enchant weapon {unknown}
Potions
 g - 2 potions of degeneration {unknown}
 j - a potion of magic {unknown}
 l - a potion of mutation {unknown}
 m - a potion of flight {unknown}
 n - a potion of haste {unknown}
 o - 3 potions of curing {unknown}
 r - 3 potions of stabbing {unknown}


   Skills:
 + Level 1.4 Fighting
 + Level 0.0 Axes
 + Level 1.5 Armour
 - Level 2.1 Dodging
 - Level 2.4 Stealth
 + Level 2.3 Spellcasting
 + Level 4.8 Necromancy


You had 2 spell levels left.
You knew the following spells:

 Your Spells              Type           Power        Failure   Level
a - Pain                  Necr           ###.         3%          1
b - Vampiric Draining     Necr           ###.......   9%          3

Your spell library contained the following spells:

 Spells                   Type           Power        Failure   Level
 Animate Skeleton         Necr           ###...       3%          1
 Animate Dead             Necr           ###.......   28%         4
 Agony                    Necr           ###.....     63%         5


Dungeon Overview and Level Annotations

Branches:
Dungeon (2/15)

Altars:


Innate Abilities, Weirdness & Mutations

You are resistant to damage.
You can heal yourself by infusing magical energy.
You passively map a small area around you.
You do not regenerate.


Message History

* * * LOW HITPOINT WARNING * * *
Casting: Vampiric Draining (quite dangerous; 9% risk of failure)
Confirm with . or Enter, or press ? or * to list all spells.
The spell is quite dangerous to cast (9% risk of failure)!
Continue anyway?
Aiming: Vampiric Draining (quite dangerous; 9% risk of failure)
Press: ? - help, Shift-Dir - straight line, f/p - gnoll
Aim: a gnoll, wielding a +0 halberd (moderately wounded, poisoned)
The gnoll is almost dead.
You feel life coursing into your body. The gnoll barely misses you.
Unknown command.
Casting: Vampiric Draining (quite dangerous; 9% risk of failure)
Confirm with . or Enter, or press ? or * to list all spells.
The spell is quite dangerous to cast (9% risk of failure)!
Continue anyway?
Aiming: Vampiric Draining (quite dangerous; 9% risk of failure)
Press: ? - help, Shift-Dir - straight line, f/p - gnoll
Aim: a gnoll, wielding a +0 halberd (almost dead, poisoned)
You miscast Vampiric Draining.
You are very lightly contaminated with residual magic.
Nothing appears to happen.
The gnoll hits you with a +0 halberd!
You die...

≈## , ♣# , .# , * .##
### ..#######. , ..# ,
.......... * #.# *
..######## , #.# .#####
, #.# .....######. #@#
* .#.......... #g# ,
.#.#.######### #g#
##.#.........###r######
##.##.....##.##.g.....#
##.##.###.##.##..####.#
##.##.# #...#...(# *,
##.##.###.##.##>.# , ,
##. #.....##...#.# ,


You could see 3 gnolls and a rat.

Vanquished Creatures
  Jessica (D:2)
  A worm (D:2)
  A leopard gecko (D:2)
  4 orcs
  A ball python (D:1)
  3 giant cockroaches
  3 jackals (D:2)
  2 kobolds (D:1)
  A quokka (D:2)
  5 frilled lizards
  A goblin (D:1)
  2 leopard gecko zombies (D:1)
  8 rats
33 creatures vanquished.

Vanquished Creatures (others)
  A plant (D:2)
1 creature vanquished.

Grand Total: 34 creatures vanquished

Notes
Turn   | Place    | Note
-------+----------+-------------------------------------------
     0 | D:1      | grandjackal the Deep Dwarf Necromancer began the quest for
                  | the Orb.
     0 | D:1      | Reached XP level 1. HP: 15/15 MP: 3/3
   284 | D:1      | Reached XP level 2. HP: 7/24 MP: 1/5
   936 | D:2      | Noticed Jessica
   971 | D:2      | Killed Jessica
   971 | D:2      | Reached skill level 1 in Fighting
   971 | D:2      | Reached skill level 1 in Armour
   971 | D:2      | Reached XP level 3. HP: 10/31 MP: 3/6
  1084 | D:2      | Learned a level 3 spell: Vampiric Draining
  1521 | D:2      | Slain by a gnoll

Illustrated notes

Levels and vault maps discovered:
D:1:      saegor_arrival_fortress, layout_loops_ring, kennysheep_flooded_box
D:2:      cheibrodos_greedy_goblins, layout_loops_ring, serial_bayou_crossing,
          uniq_jessica

Skill      XL: |  1  2 |
---------------+-------+-----
Spellcasting   | 2 |  2.3
Fighting       | 1 |  1.4
Armour         | 1 |  1.5
Dodging        | |  2.1
Stealth        | |  2.4
Necromancy     | |  4.8

Action                   || total
-------------------------++-------
Melee: Unarmed           ||    64
       Hand axe          ||     3
Throw: Dart              ||     2
 Cast: Pain              ||    38
       Vampiric Draining ||     7
Armor: Robe              ||    12
Dodge: Dodged            ||    54

Table legend: (Time is in decaauts)
 A = Elapsed time spent in this place.
 B = Non-inter-level travel time spent in this place.
 C = Inter-level travel time spent in this place.
 D = Time resting spent in this place.
 E = Time spent auto-exploring this place.
 F = Levels seen in this place.
 G = Mean time per level.
                   A        B        C        D        E       F      G
               +--------+--------+--------+--------+--------+-----+--------+
         Total |   1528 |   1526 |      2 |    351 |    852 |   2 |  764.0 |
       Dungeon |   1528 |   1526 |      2 |    351 |    852 |   2 |  764.0 |
               +--------+--------+--------+--------+--------+-----+--------+

Top non-repeatable levels by time:
     D:1: 977 daAuts
     D:2: 550 daAuts
